 Dungeon Crawl Stone Soup version 0.29.0-4-gdea44cf6ec (webtiles) character file.

Game seed: 9258623410331566262

3495 qw the Cleaver (level 10, -11/55 (60) HPs)
             Began as a Tengu Warper on Aug 28, 2022.
             Was a Priest of Okawaru.
             Mangled by a wight
             ... wielding a +4 great sword
              (21 damage)
             ... on level 7 of the Dungeon.
             The game lasted 00:00:46 (7351 turns).

qw the Cleaver (Tengu Warper)                       Turns: 7351, Time: 00:00:47

HP:   -11/55 (60)   AC: 14    Str: 15    XL:     10   Next: 7%
MP:   13/14         EV: 11    Int: 13    God:    Okawaru [***...]
Gold: 300           SH:  0    Dex: 15    Spells: 13/13 levels left

rFire   . . .      SeeInvis .   Y - +0 broad axe (elec)
rCold   . . .      Faith    .   (no shield)
rNeg    + . .      Spirit   .   e - +0 chain mail
rPois   +          Reflect  .   (helmet restricted)
rElec   .          Harm     .   b - +2 cloak
rCorr   .          Rampage  .   (no gloves)
Will    +....                   (boots unavailable)
Stlth   ..........              c - amulet "Rexa" {Acrobat rN+ Regen+}
HPRegen 0.98/turn               f - ring of willpower
MPRegen 0.14/turn               p - ring of poison resistance

@: about to teleport, heroic, flying quickly and evasively, slowed, drained,
very slow
A: beak, talons 3, nimble flight
a: Renounce Religion, Heroism


You were on level 7 of the Dungeon.
You worshipped Okawaru.
Okawaru was most pleased with you.
You visited 2 branches of the dungeon, and saw 8 of its levels.

You collected 378 gold pieces.
You spent 78 gold pieces at shops.


Innate Abilities, Weirdness & Mutations

You have a beak for a mouth.
You have claws for feet.
Your magical nature lets you fly swiftly and evasively.


   Skills:
 - Level 6.1(11.1) Fighting
 - Level 12.0(17.0) Axes
 - Level 2.1(7.1) Throwing
 + Level 4.0(9.0) Armour
 - Level 3.0(8.0) Dodging
 - Level 2.0 Spellcasting
 - Level 2.4 Translocations
 - Level 4.1 Invocations


You had 13 spell levels left.
You didn't know any spells.
Your spell library contained the following spells:

 Spells                   Type           Power      Damage    Failure   Level
 Blink                    Tloc           14%        N/A       89%         2
 Gell's Gravitas          Tloc           7%         N/A       98%         3
 Lesser Beckoning         Tloc           7%         N/A       98%         3
 Teleport Other           Tloc           7%         N/A       98%         3
 Manifold Assault         Tloc           7%         N/A       100%        5

Inventory:

Hand Weapons
 a - a +0 hand axe of flaming
 Y - a +0 broad axe of electrocution (weapon)
Missiles
 q - 2 boomerangs (quivered)
Armour
 b - a +2 cloak (worn)
 e - a +0 chain mail (worn)
 n - a +0 kite shield
Jewellery
 c - the amulet "Rexa" (around neck) {Acrobat rN+ Regen+}
   (You acquired it on level 4 of the Dungeon)

   [amulet of the acrobat]

   It increases your evasion while moving and waiting.
   rN:        It protects you from negative energy.
   Regen:     It increases your rate of health regeneration.
 f - a ring of willpower (left hand)
 o - a ring of resist corrosion
 p - a ring of poison resistance (right hand)
Scrolls
 g - 2 scrolls of teleportation
 h - a scroll of enchant weapon {unknown}
 k - a scroll of enchant armour
 s - a scroll of identify
Potions
 d - 4 potions of resistance
 i - a potion of lignification {unknown}
 j - 7 potions of curing
 l - a potion of might
 m - 3 potions of haste

Dungeon Overview and Level Annotations

Branches:
Dungeon (7/15)             Temple (1/1) D:4

Altars:
Ashenzari
Cheibriados
Dithmenos
Elyvilon
Fedhas
Gozag
Hepliaklqana
Kikubaaqudgha
Makhleb
Nemelex Xobeh
Okawaru
Qazlal
Ru
Sif Muna
Trog
Uskayaw
Vehumet
Wu Jian
Xom
Yredelemnul
Zin
The Shining One

Shops:
D:3 *

Annotations:
D:5 3 runed translucent doors, qw's ghost, amateur TeWr
D:6 3 runed translucent doors, qw's ghost, amateur TeWr


Message History

The wraith is lightly damaged.
The wraith hits you. The wraith drains your vigour!
You feel yourself slow down.
You slash the wraith! You peck the wraith, but do no damage.
The wraith is severely damaged.
The wraith hits you. The wraith drains your vigour!
You feel as though you will be slow longer.
The wraith barely misses you.
You hit the wraith. Lightning courses through the wraith!
You destroy the wraith!
Okawaru accepts your kill.
Your Fighting skill increases to level 6!
You barely miss the wight. Your kick misses the wight.
The wight hits you but does no damage.
The wight hits you with a +4 great sword!
7346 ||| INVOKING Heroism.
You gain the combat prowess of a mighty hero.
The wight hits you but does no damage.
You hit the wight but do no damage. You claw the wight.
Your peck misses the wight. You punch the wight, but do no damage.
The wight is lightly damaged.
The wight hits you with a +4 great sword!
You partially resist.
You feel drained.
You hit the wight but do no damage. You claw the wight.
Your peck misses the wight.
The wight is moderately damaged.
The wight hits you with a +4 great sword!
You partially resist.
You feel drained.
7349 ||| READING 3 scrolls of teleportation.
As you read the scroll of teleportation, it crumbles to dust.
You feel strangely unstable.
The wight hits you with a +4 great sword.
You partially resist.
You feel drained. The wight hits you but does no damage.
You hit the wight. Lightning courses through the wight!
You peck the wight, but do no damage.
The wight is almost destroyed.
The wight closely misses you.
You barely miss the wight. Your peck misses the wight.
The wight is almost destroyed.
The wight hits you with a +4 great sword!!
You die...

#.#.###.###....#.##.#
#..........#...#.#..#
###.###.##.#...#....# .##.#
#.##.#....>..###########
..#####.##.#.#...............#
...##...##.#.###.###########)#
8..%'...##.#.# #.# #)#
...##...##.#.###.# ########.#
..#####....#....@####.....##.#
.## #########.z...(...#.##.###
## ......###.###...)....# #
##.#.#.).#...#..##.### # #
#.#..###.###..#..# # #.#.#
#.#.#.#..#.# # ...# #:#
#[###)..# # .z. #.# #.#.#.#..#
# ##. ..# #.# #.. ..#


You could see a wight.

Vanquished Creatures
  A komodo dragon (D:7)
  Sigmund (D:3)
  A wraith (D:7)
  3 water moccasins
  Duvessa (D:6)
  4 sky beasts
  2 black bears
  2 ogres (D:5)
  5 centaurs
  A phantom (D:5)
  A necrophage (D:7)
  A gnoll sergeant (D:7)
  5 scorpions
  3 wights (D:7)
  Dowan (D:6)
  A howler monkey (D:6)
  A jelly (D:7)
  3 hounds
  A gnoll bouda (D:6)
  7 iguanas
  Natasha (thrice) (D:4)
  Terence (D:3)
  An orc wizard (D:4)
  3 gnolls (D:6)
  8 adders
  3 shadow imps (D:7)
  An ufetubus (D:5)
  3 worms
  2 dart slugs
  14 orcs
  7 endoplasms
  3 giant cockroaches
  9 goblins
  6 hobgoblins
  5 quokkas
  3 ball pythons
  4 bats
  A frilled lizard (D:2)
  12 kobolds
  6 rats
140 creatures vanquished.

Vanquished Creatures (others)
  2 fungi (D:6)
  2 plants (D:6)
  9 toadstools (D:7)
13 creatures vanquished.

Grand Total: 153 creatures vanquished

Notes
Turn   | Place    | Note
-------+----------+-------------------------------------------
     0 | D:1      | qw the Tengu Warper began the quest for the Orb.
     0 | D:1      | Reached XP level 1. HP: 12/12 MP: 4/4
     0 | D:1      | 0 ||| qw: Version: 0.1-a-89-g26bdef1
     0 | D:1      | 0 ||| qw: Game counter: 1684
     0 | D:1      | 0 ||| qw: Always use a shield: true
     0 | D:1      | 0 ||| qw: God list: Okawaru
     0 | D:1      | 0 ||| qw: Allow faded altars: false
     0 | D:1      | 0 ||| qw: Do Orc after D:15 true
     0 | D:1      | 0 ||| qw: Do second Lair branch before Depths: true
     0 | D:1      | 0 ||| qw: Lair rune preference: random
     0 | D:1      | 0 ||| qw: Plans: Normal
     0 | D:1      | 0 ||| PLANNING D:1-11
   122 | D:1      | Reached skill level 3 in Axes
   122 | D:1      | Reached XP level 2. HP: 17/17 MP: 6/6
   161 | D:1      | 161 ||| Stepping ~*~*~tactically~*~*~ (stealth).
   262 | D:1      | You fall into a shaft and drop 1 floor!
   285 | D:2      | 285 ||| Stepping ~*~*~tactically~*~*~ (stealth).
   286 | D:2      | 286 ||| Stepping ~*~*~tactically~*~*~ (stealth).
   296 | D:2      | 296 ||| Stepping ~*~*~tactically~*~*~ (stealth).
   298 | D:2      | 298 ||| Stepping ~*~*~tactically~*~*~ (hiding).
   349 | D:2      | Reached XP level 3. HP: 14/21 MP: 7/7
   477 | D:2      | Reached skill level 4 in Axes
   864 | D:2      | 864 ||| DROPPING +0 whip.
  1170 | D:2      | 1170 ||| UPGRADING to +0 chain mail.
  1180 | D:2      | 1180 ||| DROPPING +0 leather armour.
  1181 | D:2      | 1181 ||| UPGRADING to ring of resist corrosion.
  1182 | D:2      | 1182 ||| READING scroll labelled MYUREA IZXI.
  1183 | D:2      | 1183 ||| READING 3 scrolls labelled BYBRAOZXEY.
  1184 | D:2      | 1184 ||| READING scroll labelled YCOCAN ZOARGHYH.
  1185 | D:2      | 1185 ||| READING scroll labelled FEMOIB SOIMPO.
  1186 | D:2      | 1186 ||| READING scroll labelled YNOZEDOUCOM.
  1287 | D:2      | 1287 ||| READING scroll labelled IFEUDU ODDU.
  1288 | D:2      | 1288 ||| DRINKING 3 sedimented red potions.
  1289 | D:2      | 1289 ||| DROPPING scroll of blinking.
  1647 | D:1      | 1647 ||| DROPPING +0 vorpal hand axe.
  1753 | D:1      | 1753 ||| READING scroll labelled QAK SESAFFAPH.
  1754 | D:1      | 1754 ||| READING scroll labelled XUFODE MONWE.
  1892 | D:2      | 1892 ||| READING scroll labelled KOCELI EKOPI.
  1936 | D:3      | Noticed Terence
  1945 | D:3      | Killed Terence
  1946 | D:3      | Reached XP level 4. HP: 19/26 MP: 8/8
  2033 | D:3      | Found a faded altar of an unknown god.
  2054 | D:3      | Reached skill level 5 in Axes
  2062 | D:3      | 2062 ||| SWAPPING to +0 broad axe.
  2063 | D:3      | 2063 ||| DROPPING +0 hand axe.
  2186 | D:3      | 2186 ||| FLEEEEING.
  2187 | D:3      | 2187 ||| FLEEEEING.
  2188 | D:3      | 2188 ||| FLEEEEING.
  2189 | D:3      | 2189 ||| FLEEEEING.
  2190 | D:3      | 2190 ||| FLEEEEING.
  2191 | D:3      | 2191 ||| FLEEEEING.
  2192 | D:3      | 2192 ||| FLEEEEING.
  2193 | D:3      | 2193 ||| FLEEEEING.
  2194 | D:3      | 2194 ||| FLEEEEING.
  2195 | D:3      | 2195 ||| FLEEEEING.
  2196 | D:3      | 2196 ||| FLEEEEING.
  2197 | D:3      | 2197 ||| FLEEEEING.
  2198 | D:3      | 2198 ||| FLEEEEING.
  2199 | D:3      | 2199 ||| FLEEEEING.
  2200 | D:3      | 2200 ||| FLEEEEING.
  2201 | D:3      | 2201 ||| FLEEEEING.
  2202 | D:3      | 2202 ||| FLEEEEING.
  2203 | D:3      | 2203 ||| FLEEEEING.
  2204 | D:3      | 2204 ||| FLEEEEING.
  2205 | D:3      | 2205 ||| FLEEEEING.
  2206 | D:3      | 2206 ||| FLEEEEING.
  2207 | D:3      | 2207 ||| FLEEEEING.
  2208 | D:3      | 2208 ||| FLEEEEING.
  2209 | D:3      | 2209 ||| FLEEEEING.
  2210 | D:3      | 2210 ||| FLEEEEING.
  2211 | D:3      | 2211 ||| FLEEEEING.
  2212 | D:3      | 2212 ||| FLEEEEING.
  2213 | D:3      | 2213 ||| FLEEEEING.
  2214 | D:3      | 2214 ||| FLEEEEING.
  2215 | D:3      | 2215 ||| FLEEEEING.
  2216 | D:3      | 2216 ||| FLEEEEING.
  2217 | D:3      | 2217 ||| FLEEEEING.
  2218 | D:3      | 2218 ||| FLEEEEING.
  2219 | D:3      | 2219 ||| FLEEEEING.
  2220 | D:3      | 2220 ||| FLEEEEING.
  2221 | D:3      | 2221 ||| FLEEEEING.
  2222 | D:3      | 2222 ||| FLEEEEING.
  2223 | D:3      | 2223 ||| FLEEEEING.
  2224 | D:3      | 2224 ||| FLEEEEING.
  2225 | D:3      | 2225 ||| FLEEEEING.
  2226 | D:3      | 2226 ||| FLEEEEING.
  2227 | D:3      | 2227 ||| FLEEEEING.
  2228 | D:3      | 2228 ||| FLEEEEING.
  2229 | D:3      | 2229 ||| FLEEEEING.
  2230 | D:3      | 2230 ||| FLEEEEING.
  2231 | D:3      | 2231 ||| FLEEEEING.
  2232 | D:3      | 2232 ||| FLEEEEING.
  2233 | D:3      | 2233 ||| FLEEEEING.
  2234 | D:3      | 2234 ||| FLEEEEING.
  2235 | D:3      | 2235 ||| FLEEEEING.
  2236 | D:3      | 2236 ||| FLEEEEING.
  2237 | D:3      | 2237 ||| FLEEEEING.
  2238 | D:3      | 2238 ||| FLEEEEING.
  2239 | D:3      | 2239 ||| FLEEEEING.
  2240 | D:3      | 2240 ||| FLEEEEING.
  2241 | D:3      | 2241 ||| FLEEEEING.
  2242 | D:3      | 2242 ||| FLEEEEING.
  2243 | D:3      | 2243 ||| FLEEEEING.
  2244 | D:3      | 2244 ||| FLEEEEING.
  2245 | D:3      | 2245 ||| FLEEEEING.
  2246 | D:3      | 2246 ||| FLEEEEING.
  2247 | D:3      | 2247 ||| FLEEEEING.
  2248 | D:3      | 2248 ||| FLEEEEING.
  2249 | D:3      | 2249 ||| FLEEEEING.
  2250 | D:3      | 2250 ||| FLEEEEING.
  2251 | D:3      | 2251 ||| FLEEEEING.
  2252 | D:3      | 2252 ||| FLEEEEING.
  2253 | D:3      | 2253 ||| FLEEEEING.
  2254 | D:3      | 2254 ||| FLEEEEING.
  2255 | D:3      | 2255 ||| FLEEEEING.
  2256 | D:3      | 2256 ||| FLEEEEING.
  2257 | D:3      | 2257 ||| FLEEEEING.
  2258 | D:3      | 2258 ||| FLEEEEING.
  2259 | D:3      | 2259 ||| FLEEEEING.
  2260 | D:3      | 2260 ||| FLEEEEING.
  2261 | D:3      | 2261 ||| STAIRDANCE
  2287 | D:2      | 2287 ||| READING 2 scrolls labelled XIEBRU XORUNG.
  2288 | D:2      | 2288 ||| DROPPING scroll of poison.
  2323 | D:3      | 2323 ||| DROPPING +0 flail.
  2543 | D:3      | 2543 ||| Stepping ~*~*~tactically~*~*~ (stealth).
  2545 | D:3      | 2545 ||| Stepping ~*~*~tactically~*~*~ (hiding).
  2702 | D:3      | Noticed Sigmund
  2711 | D:3      | Killed Sigmund
  2712 | D:3      | Reached skill level 7 in Axes
  2712 | D:3      | Gained mutation: Your magical nature lets you fly swiftly
                  | and evasively. [Tengu growth]
  2712 | D:3      | Reached XP level 5. HP: 13/30 MP: 9/9
  2712 | D:3      | Reached XP level 6. HP: 15/35 MP: 10/10
  3062 | D:3      | Found Atimmes's General Store.
  3071 | D:3      | 3071 ||| SHOPLISTING +1 cloak of preservation (214 gold,
                  | have 172).
  3071 | D:3      | 3071 ||| BUYING potion of curing (39 gold).
  3071 | D:3      | Bought a potion of curing for 39 gold pieces
  3071 | D:3      | 3071 ||| BUYING scroll of teleportation (39 gold).
  3071 | D:3      | Bought a scroll of teleportation for 39 gold pieces
  3152 | D:3      | 3152 ||| UPGRADING to +0 cloak.
  3157 | D:3      | 3157 ||| READING 2 scrolls of enchant armour.
  3157 | D:3      | 3157 ||| ENCHANTING +0 cloak.
  3158 | D:3      | 3158 ||| READING scroll of enchant armour.
  3158 | D:3      | 3158 ||| ENCHANTING +1 cloak.
  3159 | D:3      | 3159 ||| UPGRADING to amulet of regeneration.
  3164 | D:3      | 3164 ||| DROPPING +6 ring of intelligence.
  3165 | D:3      | 3165 ||| READING 3 scrolls of identify.
  3165 | D:3      | 3165 ||| IDENTIFYING clear potion
  3166 | D:3      | 3166 ||| READING 2 scrolls of identify.
  3166 | D:3      | 3166 ||| IDENTIFYING smoky black potion
  3167 | D:3      | 3167 ||| DROPPING potion of degeneration.
  3220 | D:4      | 3220 ||| Stepping ~*~*~tactically~*~*~ (hiding).
  3279 | D:4      | Noticed a water moccasin
  3292 | D:4      | Killed a water moccasin
  3293 | D:4      | Reached skill level 3 in Fighting
  3395 | D:4      | Found a staircase to the Ecumenical Temple.
  3396 | D:4      | 3396 ||| PLANNING TEMPLE
  3396 | D:4      | 3396 ||| READING scroll labelled LIADUU IMMEGOCS.
  3396 | D:4      | Identified a scroll of acquirement
  3396 | D:4      | 3396 ||| ACQUIRING amulet "Rexa" {Acrobat rN+ Regen+}
  3396 | D:4      | Acquired the amulet "Rexa" {Acrobat rN+ Regen+}
  3398 | D:4      | 3398 ||| UPGRADING to amulet "Rexa" {Acrobat rN+ Regen+}.
  3408 | D:4      | 3408 ||| DROPPING amulet of regeneration.
  3415 | Temple   | Entered the Ecumenical Temple
  3424 | Temple   | Became a worshipper of Warmaster Okawaru
  3545 | Temple   | 3545 ||| PLANNING D:1-11
  3581 | D:4      | 3581 ||| Stepping ~*~*~tactically~*~*~ (hiding).
  3593 | D:4      | Reached XP level 7. HP: 38/41 MP: 11/11
  3652 | D:4      | 3652 ||| Stepping ~*~*~tactically~*~*~ (stealth).
  3698 | D:4      | Noticed Natasha
  3699 | D:4      | 3699 ||| Stepping ~*~*~tactically~*~*~ (hiding).
  3705 | D:4      | Killed Natasha
  3867 | D:4      | Noticed Natasha
  3875 | D:4      | Killed Natasha
  3927 | D:4      | Noticed Natasha
  3928 | D:4      | 3928 ||| Stepping ~*~*~tactically~*~*~ (hiding).
  3934 | D:4      | Killed Natasha
  4082 | D:4      | 4082 ||| READING scroll labelled WAIGEBBETWEE.
  4083 | D:4      | 4083 ||| DRINKING 2 purple potions.
  4084 | D:4      | 4084 ||| DROPPING potion of brilliance.
  4117 | D:5      | Entered Level 5 of the Dungeon
  4133 | D:5      | HP: 8/41 [ogre/+0 giant spiked club (29)]
  4134 | D:5      | 4134 ||| READING 3 scrolls of teleportation.
  4135 | D:5      | 4135 ||| DRINKING potion of heal wounds.
  4136 | D:5      | Reached * piety under Okawaru
  4137 | D:5      | Reached skill level 8 in Axes
  4137 | D:5      | 4137 ||| INVOKING Heroism.
  4186 | D:5      | Reached skill level 1 in Invocations
  4285 | D:5      | 4285 ||| Stepping ~*~*~tactically~*~*~ (stealth).
  4379 | D:5      | Reached skill level 3 in Armour
  4379 | D:5      | Reached XP level 8. HP: 44/46 MP: 12/12
  4444 | D:5      | 4444 ||| Stepping ~*~*~tactically~*~*~ (stealth).
  4448 | D:5      | 4448 ||| Stepping ~*~*~tactically~*~*~ (stealth).
  4453 | D:5      | 4453 ||| Stepping ~*~*~tactically~*~*~ (stealth).
  4512 | D:5      | 4512 ||| INVOKING Heroism.
  4591 | D:5      | Found a runed translucent gate.
  4592 | D:5      | Found a runed translucent gate.
  4592 | D:5      | Found a runed translucent gate.
  4623 | D:5      | Found a hide-covered altar of Uskayaw.
  4717 | D:5      | Reached skill level 3 in Invocations
  4723 | D:5      | 4723 ||| Stepping ~*~*~tactically~*~*~ (stealth).
  4726 | D:5      | 4726 ||| INVOKING Heroism.
  4740 | D:5      | Reached skill level 9 in Axes
  4785 | D:5      | Reached ** piety under Okawaru
  4836 | D:5      | 4836 ||| INVOKING Heroism.
  5183 | D:5      | Noticed qw's ghost (amateur TeWr)
  5362 | D:5      | 5362 ||| UPGRADING to ring of poison resistance.
  5363 | D:5      | 5363 ||| READING 2 scrolls labelled TOTSUO BUIXUUFIA.
  5364 | D:5      | 5364 ||| READING scroll labelled PADAOFRIBLI.
  5365 | D:5      | 5365 ||| DRINKING 3 brown potions.
  5366 | D:5      | 5366 ||| DROPPING scroll of immolation.
  5436 | D:6      | 5436 ||| Stepping ~*~*~tactically~*~*~ (stealth).
  5439 | D:6      | 5439 ||| Stepping ~*~*~tactically~*~*~ (stealth).
  5765 | D:6      | Reached skill level 10 in Axes
  5765 | D:6      | Reached XP level 9. HP: 52/52 MP: 13/13
  5837 | D:6      | 5837 ||| Stepping ~*~*~tactically~*~*~ (stealth).
  5924 | D:6      | 5924 ||| INVOKING Heroism.
  5994 | D:6      | Noticed Dowan
  5995 | D:6      | 5995 ||| Stepping ~*~*~tactically~*~*~ (hiding).
  5996 | D:6      | 5996 ||| Stepping ~*~*~tactically~*~*~ (hiding).
  6001 | D:6      | 6001 ||| INVOKING Heroism.
  6004 | D:6      | Killed Dowan
  6005 | D:6      | Reached skill level 3 in Dodging
  6006 | D:6      | Noticed Duvessa
  6016 | D:6      | Killed Duvessa
  6089 | D:6      | Found a runed translucent gate.
  6089 | D:6      | Found a runed translucent gate.
  6089 | D:6      | Found a runed translucent gate.
  6090 | D:6      | Noticed qw's ghost (amateur TeWr)
  6091 | D:6      | Noticed a kobold demonologist
  6339 | D:6      | Found a shimmering altar of Xom.
  6348 | D:6      | Found a shadowy altar of Dithmenos.
  6617 | D:6      | Found a sacrificial altar of Ru.
  6675 | D:6      | 6675 ||| UPGRADING to ring of willpower.
  6677 | D:6      | 6677 ||| READING scroll labelled PEJ YRUTHRE.
  6678 | D:6      | 6678 ||| READING 2 scrolls of identify.
  6678 | D:6      | 6678 ||| IDENTIFYING yellow potion
  6679 | D:6      | 6679 ||| DROPPING potion of flight.
  6703 | D:7      | 6703 ||| INVOKING Heroism.
  6835 | D:7      | 6835 ||| INVOKING Heroism.
  6852 | D:7      | Found a radiant altar of Vehumet.
  6946 | D:7      | 6946 ||| Stepping ~*~*~tactically~*~*~ (hiding).
  7108 | D:7      | Reached *** piety under Okawaru
  7112 | D:7      | Found a glowing silver altar of Zin.
  7117 | D:7      | Found a sparkling altar of Nemelex Xobeh.
  7117 | D:7      | Found an ancient bone altar of Kikubaaqudgha.
  7128 | D:7      | Found a blossoming altar of Fedhas.
  7131 | D:7      | Found a bloodstained altar of Trog.
  7196 | D:7      | 7196 ||| Stepping ~*~*~tactically~*~*~ (hiding).
  7213 | D:7      | Reached skill level 11 in Axes
  7216 | D:7      | 7216 ||| Stepping ~*~*~tactically~*~*~ (stealth).
  7217 | D:7      | 7217 ||| Stepping ~*~*~tactically~*~*~ (stealth).
  7244 | D:7      | 7244 ||| Stepping ~*~*~tactically~*~*~ (stealth).
  7288 | D:7      | Noticed a komodo dragon
  7289 | D:7      | 7289 ||| Stepping ~*~*~tactically~*~*~ (stealth).
  7291 | D:7      | 7291 ||| INVOKING Heroism.
  7300 | D:7      | Killed a komodo dragon
  7301 | D:7      | Reached skill level 12 in Axes
  7303 | D:7      | 7303 ||| Stepping ~*~*~tactically~*~*~ (hiding).
  7310 | D:7      | Reached XP level 10. HP: 47/59 MP: 14/14
  7318 | D:7      | 7318 ||| Stepping ~*~*~tactically~*~*~ (stealth).
  7337 | D:7      | 7337 ||| FLEEEEING.
  7345 | D:7      | Reached skill level 6 in Fighting
  7346 | D:7      | 7346 ||| INVOKING Heroism.
  7348 | D:7      | HP: 11/58 [wight/+4 great sword (12)]
  7349 | D:7      | 7349 ||| READING 3 scrolls of teleportation.
  7351 | D:7      | Mangled by a wight

Levels and vault maps discovered:
D:1:      dpeg_arrival_tiny_c, layout_loops_ring
D:2:      layout_loops_ring
D:3:      layout_basic, ebering_ecumenical_altar_sacrificial, serial_shops,
          nicolae_lakefront_shop, nicolae_hexahallways, uniq_sigmund,
          uniq_terence
D:4:      layout_rooms, minmay_temple_entry_slanted, minmay_manual_mess,
          uniq_natasha
D:5:      minmay_general_purpose_star, layout_layer_cave, lemuel_crystal_altar,
          ebering_ghost_rock_garden, minmay_manual_mares
D:6:      hellmonk_destroyed_diamonds, layout_layer_cave,
          lemuel_coloured_pillars_altar, mainiacjoe_overflow_swirl,
          gammafunk_ghost_nasty_kobolds, uniq_duvessa
D:7:      cheibrodos_fertilizer, layout_basic, minmay_overflow_temple_star_hex,
          vehumet_crystals, chequers_arboretum, minmay_manual_mail, uniq_joseph
Temple:   nicolae_temple_bog_church

Skill      XL: |  1  2  3  4  5  6  7  8  9 10 |
---------------+-------------------------------+-----
Axes           | 3 4 7 8 10 12 | 12.0
Armour         | 2 3 4 |  4.0
Fighting       | 3 4 5 6 |  6.1
Invocations    | 2 4 |  4.1
Throwing       | 2 |  2.1
Dodging        | 3 |  3.0
Spellcasting   | |  2.0
Translocations | |  2.4

Action                   |  1- 3 |  4- 6 |  7- 9 | 10-12 || total
-------------------------+-------+-------+-------+-------++-------
Melee: Hand axe          |    86 |       |       |       ||    86
       Kick              |    21 |    14 |    60 |     2 ||    97
       Peck              |    11 |     4 |    31 |     2 ||    48
       Punch             |     1 |     1 |     6 |     1 ||     9
       Broad axe         |       |    54 |   211 |    11 ||   276
Throw: Boomerang         |     8 |    11 |    64 |     2 ||    85
       Javelin           |    10 |    19 |    28 |       ||    57
Invok: Heroism           |       |       |     9 |     1 ||    10
  Use: Scroll            |     9 |     6 |     6 |     1 ||    22
       Potion            |     1 |       |     3 |       ||     4
Armor: Leather armour    |    23 |       |       |       ||    23
       Chain mail        |     8 |    29 |   127 |     3 ||   167
Dodge: Dodged            |    52 |    18 |   104 |     2 ||   176

Table legend:
 A = Non-vault XP
 B = Vault XP
 C = Vault XP percentage of total XP
 D = Non-vault monster count
 E = Vault monster count
 F = Vault count percentage of total count
                 A         B        C        D         E       F
            +---------+---------+-------+---------+---------+-------
      Total |    3299 |    1695 |  33.9 |     122 |      18 |  12.9
            +---------+---------+-------+---------+---------+-------
        D:1 |      24 |       0 |   0.0 |      16 |       0 |   0.0
        D:2 |      51 |       0 |   0.0 |      20 |       0 |   0.0
        D:3 |      55 |     259 |  82.5 |      18 |       2 |  10.0
        D:4 |     381 |      56 |  12.8 |      21 |       4 |  16.0
        D:5 |     917 |     383 |  29.5 |      20 |       6 |  23.1
        D:6 |     481 |     214 |  30.8 |      10 |       2 |  16.7
        D:7 |    1390 |     783 |  36.0 |      17 |       4 |  19.0
            +---------+---------+-------+---------+---------+-------
